 Dungeon Crawl Stone Soup version 0.31-a0-431-g88bdf31460 (webtiles) character file.

Game seed: 8702905780542255287

19319 Flugkiller the Nimble (level 12, -6/72 HPs)
             Began as a Deep Elf Shapeshifter on July 31, 2023.
             Was an Initiate of Gozag.
             Mangled by a death yak (22 damage)
             ... on level 1 of the Lair of Beasts.
             The game lasted 00:17:33 (13760 turns).

Flugkiller the Nimble (Deep Elf Shapeshifter)      Turns: 13760, Time: 00:17:34

Health: -6/72      AC:  5    Str: 12    XL:     12   Next: 35%
Magic:  14/14      EV: 28    Int: 15    God:    Gozag
Gold:   846        SH: 12    Dex: 28    Spells: 11/11 levels left

rFire   . . .        g - +9 falchion "Ojiplux" {drain, rC+ Will+ Dex+3}
rCold   + . .        s - +0 buckler
rNeg    . . .        k - +0 steam dragon scales
rPois   .            (helmet currently unavailable)
rElec   .            (cloak currently unavailable)
rCorr   +            (gloves currently unavailable)
SInv    .            (boots currently unavailable)
Will    ++...        d - amulet of Nisus {Reflect rCorr SH+5 Stlth+}
Stlth   +++          v - +5 ring of evasion
HPRegen 0.32/turn    B - +6 ring of dexterity
MPRegen 0.14/turn

%: reflection
@: beast-form
A: beast (slay +7)
a: Begin Untransformation, Renounce Religion, Potion Petition, Call Merchant,
Bribe Branch


You were on level 1 of the Lair of Beasts.
You worshipped Gozag.
Gozag was pleased with you.
You were a hulking beast.
You visited 2 branches of the dungeon, and saw 13 of its levels.

You collected 2345 gold pieces.
You spent 1430 gold pieces at shops.
You paid 69 gold pieces to Gozag.

Inventory:

Hand Weapons
 a - a +2 vampiric dagger
   (You took it off a goblin on level 2 of the Dungeon)
 g - the +9 falchion "Ojiplux" (weapon) {drain, rC+ Will+ Dex+3}
   (You found it on level 3 of the Dungeon)

   Dex:       It affects your dexterity (+3).
   rC:        It protects you from cold.
   Will:      It increases your willpower.
 N - a +1 demon blade of electrocution
   (You acquired it on level 4 of the Dungeon)
Missiles
 u - a throwing net
Armour
 b - a +0 pair of boots
   (You found it on level 5 of the Dungeon)
 j - a +0 pair of gloves
   (You found it on level 5 of the Dungeon)
 k - +0 steam dragon scales (worn)
   (You took it off Maggie on level 6 of the Dungeon)
 s - a +0 buckler (worn)
   (You found it on level 6 of the Dungeon)
 O - the +0 pair of boots of Vina Cuq {Fly rElec}
   (You bought it in a shop on level 7 of the Dungeon)

   rElec:     It insulates you from electricity.
   Fly:       It grants you flight.
 P - a +0 helmet
   (You found it on level 6 of the Dungeon)
Jewellery
 d - the amulet of Nisus (around neck) {Reflect rCorr SH+5 Stlth+}
   (You found it on level 4 of the Dungeon)

   [amulet of reflection]

   It reflects blocked missile attacks.
   rCorr:     It protects you from acid and corrosion.
   SH:        It affects your SH (+5).
   Stlth:     It makes you more stealthy.
 l - a ring of positive energy
   (You found it on level 4 of the Dungeon)
 o - a ring of poison resistance
   (You found it on level 5 of the Dungeon)
 p - a ring of protection from cold
   (You found it on level 11 of the Dungeon)
 v - a +5 ring of evasion (left hand)
   (You found it on level 1 of the Dungeon)
 B - a +6 ring of dexterity (right hand)
   (You found it on level 7 of the Dungeon)
 L - an amulet of the acrobat
   (You found it on level 1 of the Lair of Beasts)
Talismans
 c - a beast talisman (active)
Wands
 e - a wand of digging (5)
   (You found it on level 5 of the Dungeon)
 m - a wand of polymorph (5)
   (You took it off Maggie on level 6 of the Dungeon)
 y - a wand of iceblast (4)
   (You found it on level 9 of the Dungeon)
 I - a wand of paralysis (5)
   (You found it on level 10 of the Dungeon)
Scrolls
 f - 2 scrolls of enchant armour
 h - 3 scrolls of fog
 n - a scroll of brand weapon
 t - 2 scrolls of teleportation
 x - 2 scrolls of vulnerability
 z - 3 scrolls of blinking
 C - a scroll of amnesia
 D - a scroll of revelation
 E - 2 scrolls of fear
 J - a scroll of butterflies
 K - a scroll of immolation
Potions
 i - 2 potions of attraction
 q - 8 potions of curing
 w - a potion of heal wounds
 A - a potion of brilliance
 F - a potion of lignification
 G - a potion of mutation
 H - 2 potions of ambrosia


   Skills:
 + Level 7.0 Fighting
 + Level 10.0 Long Blades
 + Level 11.1 Dodging
 - Level 4.0 Shields
 - Level 2.9 Unarmed Combat
 + Level 5.6 Evocations
 - Level 10.0 Shapeshifting


You had 11 spell levels left.
You didn't know any spells.
Your spell library contained the following spells:

 Spells                   Type           Power      Damage    Failure   Level
 Apportation              Tloc           0%         N/A       36%         1
 Necrotise                Necr           0%         1d4       36%         1
 Summon Small Mammal      Summ           0%         N/A       36%         1
 Tukima's Dance           Hex            0%         N/A       73%         3
 Passage of Golubria      Tloc           0%         N/A       98%         4
 Yara's Violent Unravell  Hex/Tmut       0%         3d3       100%        5


Dungeon Overview and Level Annotations

Branches:
Dungeon (11/15) Zot: 25546  Temple (0/1) D:5            Lair (2/5) D:10 Zot: 9811
    Orc (0/2) D:11
  Swamp: Lair:2-3    Shoals: Lair:2-3     Snake: Lair:2-3    Spider: Lair:2-3

Altars:
Cheibriados
Gozag
Kikubaaqudgha
Makhleb
Qazlal
Trog
Uskayaw
Vehumet
Yredelemnul
Zin
The Shining One

Shops:
D:3 ?   D:4 ((*(*:   D:7 ![:!**   D:9 *

Annotations:
D:3 exclusion: downstairs


Message History

You climb downwards.
There is a stone staircase leading up here.
Search for what [Enter for "aux", or ? for help]? tele You climb upwards.
There is a stone staircase leading down here.
You see here a scroll of torment.
There is a staircase back to the Dungeon here.
You climb upwards.
Welcome back to the Dungeon!
There is a staircase to the Lair here.
There is a stone staircase leading up here.
You climb upwards.
There is a stone staircase leading down here.
There is a stone staircase leading up here.
You climb upwards.
There is a stone staircase leading down here.
There is a stone staircase leading up here.
You climb upwards.
There is a stone staircase leading down here.
There is an entrance to Kedih's Assorted Antiques here.
Search for what [Enter for "tele", or ? for help]? tele
There is a stone staircase leading up here.
You climb upwards.
There is a stone staircase leading down here.
There is a stone staircase leading up here.
You climb upwards.
There is a stone staircase leading down here.
There is a stone staircase leading up here.
You see here a scroll of noise.
You climb upwards.
There is a stone staircase leading down here.
There is a stone staircase leading up here.
You climb upwards.
Level annotation: exclusion: downstairs
There is a stone staircase leading down here.
There is an entrance to Ypuekoff's Magic Scroll Shoppe here.
t - a scroll of teleportation
t - 2 scrolls of teleportation (gained 1) Thank you for shopping at Ypuekoff's Magic Scroll Shoppe!
Okay, then.
r - a scroll of identify;
C - a scroll labelled SOYG SIPNIU
r - 2 scrolls of identify (gained 1);
r - 3 scrolls of identify (gained 1) Thank you for shopping at Ypuekoff's Magic Scroll Shoppe!
As you read the scroll of identify, it crumbles to dust.
C - a scroll of amnesia
As you read the scroll of identify, it crumbles to dust.
J - a scroll of butterflies
As you read the scroll of identify, it crumbles to dust.
K - a scroll of immolation
Okay, then.
Okay, then.
(D) Dungeon (T) Temple (L) Lair (O) Orcish Mines
Where to? (Enter - D:3 @ (x,y), ? - help)
What level of the Lair of Beasts? (default 1, ? - help)
There is a fountain of clear blue water here.
There is a stone staircase leading down here.
You climb downwards.
There is a stone staircase leading up here.
There is a stone staircase leading down here.
You climb downwards.
There is a stone staircase leading up here.
You see here a scroll of noise.
There is a stone staircase leading down here.
You climb downwards.
There is a stone staircase leading up here.
There is an escape hatch in the ceiling here.
There is a stone staircase leading down here.
You climb downwards.
There is a stone staircase leading up here.
There is a stone staircase leading down here.
You climb downwards.
There is a stone staircase leading up here.
There is a stone staircase leading down here.
You climb downwards.
There is a stone staircase leading up here.
There is an open door here.
There is a stone staircase leading down here.
You climb downwards.
There is a stone staircase leading up here.
There is a staircase to the Lair here.
You climb downwards.
Welcome back to the Lair of Beasts!
There is a staircase back to the Dungeon here.
There is a stone staircase leading down here.
Things that are here:
a +4 long sword; a +3 great sword of freezing You climb downwards.
The death yak bellows! x4
There is a stone staircase leading up here.
There are monsters nearby!
The death yak misses you. The death yak gores you! The death yak gores you!!
You climb upwards.
There is a stone staircase leading down here.
Things that are here:
a +4 long sword; a +3 great sword of freezing The death yak attacks as you move away!
The death yak completely misses you. The death yak barely misses you.
The death yak attacks as you move away! The death yak gores you!!
* * * LOW HITPOINT WARNING * * *
The death yak attacks as you move away! The death yak gores you!!
You die...
Your body crumbles into a pile of gold.

#..........♣♣♣..♣ ♣.
#..........♣ ♣.♣♣♣♣♣.
##..........♣♣♣♣..♣.♣♣
#P..............♣♣.♣..
##..................♣.
#.....................
##....................
##..Y...............◎.
#P..Yh[...............
##..Y.................
#....................
#..##.##+##.....##.#.
#..####P.##....#.....
#..##.....##...#.^...
#..##......'...#.....
##..##......#...#.....
#...##.....##.........


You could see 3 death yaks.

Vanquished Creatures
  2 boulder beetles
  A two-headed ogre (D:11)
  Amaemon (D:10)
  An ugly thing (D:10)
  A manticore (D:9)
  A deep elf pyromancer (D:11)
  2 black mambas
  2 cane toads (Lair:1)
  An orange demon (D:10)
  Maggie (D:6)
  An unseen horror (D:10)
  2 unseen horror zombies (D:9)
  A komodo dragon (D:11)
  A rime drake (Lair:1)
  A polar bear (Lair:1)
  A troll (D:6)
  5 blink frogs (Lair:1)
  2 wyverns (Lair:1)
  A fire bat (D:9)
  3 wraiths
  33 yaks
  A steam dragon (D:6)
  2 basilisks (Lair:1)
  3 vampire mosquitoes (D:9)
  Edmund (D:4)
  2 wargs (D:10)
  5 water moccasins
  4 black bears
  2 sky beasts
  4 orc warriors
  2 ice beasts
  4 ogres
  6 wolves (Lair:1)
  A kobold brigand (D:7)
  6 bullfrogs
  A scorpion (D:7)
  5 wights
  12 killer bees
  6 howler monkeys
  3 hounds
  3 jellies (D:7)
  A sleepcap (D:6)
  5 orc priests
  8 orc wizards
  4 gnolls (D:5)
  4 adders
  2 shadow imps (D:7)
  3 white imps
  An ufetubus (D:6)
  A worm (D:3)
  3 dart slugs
  28 orcs
  A giant cockroach (D:4)
  5 goblins
  5 hobgoblins
  4 jackals (D:1)
  2 quokkas
  2 ball pythons (D:3)
  6 bats
  A frilled lizard (D:1)
  7 kobolds
  5 rats
235 creatures vanquished.

Notes
Turn   | Place    | Note
-------+----------+-------------------------------------------
     0 | D:1      | Flugkiller the Deep Elf Shapeshifter began the quest for
                  | the Orb.
     0 | D:1      | Reached XP level 1. HP: 11/11 MP: 3/3
    56 | D:1      | Reached skill level 1 in Fighting
   188 | D:1      | Reached XP level 2. HP: 16/17 MP: 4/4
   761 | D:2      | Reached XP level 3. HP: 21/21 MP: 5/5
  1225 | D:3      | Found a glowing golden altar of the Shining One.
  1300 | D:3      | Found Ypuekoff's Magic Scroll Shoppe.
  1500 | D:3      | You fall into a shaft and drop 2 floors!
  1500 | D:5      | Entered Level 5 of the Dungeon
  1516 | D:5      | Reached XP level 4. HP: 15/26 MP: 6/6
  1621 | D:5      | Noticed a black bear
  1655 | D:5      | Killed a black bear
  1656 | D:5      | Reached skill level 5 in Shapeshifting
  1656 | D:5      | Reached XP level 5. HP: 30/30 MP: 7/7
  1728 | D:5      | Noticed an ogre
  1777 | D:5      | Killed an ogre
  1778 | D:5      | Reached skill level 3 in Dodging
  1875 | D:4      | Identified the amulet of Nisus {Reflect rCorr SH+5 Stlth+}
  1881 | D:4      | Reached XP level 6. HP: 35/36 MP: 8/8
  1899 | D:4      | Found an ancient bone altar of Kikubaaqudgha.
  1900 | D:4      | Found a burning altar of Makhleb.
  1900 | D:4      | Found a snail-covered altar of Cheibriados.
  1901 | D:4      | Found a glowing silver altar of Zin.
  1901 | D:4      | Found a hide-covered altar of Uskayaw.
  1902 | D:4      | Found a bloodstained altar of Trog.
  1902 | D:4      | Found an opulent altar of Gozag.
  1903 | D:4      | Found a stormy altar of Qazlal.
  1910 | D:4      | Became a worshipper of Gozag Ym Sagoz the Greedy
  1933 | D:4      | Noticed Edmund
  2050 | D:3      | Identified the +9 falchion "Ojiplux" {drain, rC+ Will+
                  | Dex+3}
  2512 | D:4      | Found Ynubotiv's Weapon Emporium.
  2618 | D:4      | Killed Edmund
  2619 | D:4      | Reached skill level 4 in Dodging
  2619 | D:4      | Reached skill level 5 in Dodging
  2715 | D:4      | Found Huownack's General Store.
  2715 | D:4      | Found Fiefaufe's General Store.
  2717 | D:4      | Found Wizy's Book Shoppe.
  2717 | D:4      | Found Tuiczio's Weapon Shoppe.
  2723 | D:4      | Bought a potion of heal wounds for 50 gold pieces
  2839 | D:4      | Found Duor's Firing Range.
  3658 | D:5      | Found a staircase to the Ecumenical Temple.
  3822 | D:6      | Reached XP level 7. HP: 41/41 MP: 9/9
  3918 | D:6      | Noticed a steam dragon
  3920 | D:6      | Reached skill level 6 in Dodging
  4041 | D:6      | Noticed Maggie
  4054 | D:6      | Killed Maggie
  4906 | D:6      | Killed a steam dragon
  4907 | D:6      | Reached XP level 8. HP: 42/48 MP: 10/10
  5189 | D:7      | Found Wakkivou's Book Emporium.
  5192 | D:7      | Found Kosawici's Distillery.
  5218 | D:7      | Found Bes Qaurph's Antique Armour Emporium.
  5223 | D:7      | Found Anuph's Distillery.
  5225 | D:7      | Bought a potion of heal wounds for 55 gold pieces
  5245 | D:7      | Found Ipel's General Store.
  5414 | D:7      | Reached skill level 1 in Shields
  5774 | D:7      | Found Kedih's Assorted Antiques.
  5924 | D:7      | Noticed a troll
  6159 | D:6      | Killed a troll
  6160 | D:6      | Reached XP level 9. HP: 51/52 MP: 11/11
  6750 | D:7      | Reached skill level 1 in Long Blades
  7165 | D:7      | Bought a scroll labelled BAFYKH CIZENU for 31 gold pieces
  7299 | D:8      | Found a radiant altar of Vehumet.
  7713 | D:9      | Noticed a two-headed ogre
  8095 | D:9      | Reached skill level 10 in Shapeshifting
  8191 | D:9      | Reached XP level 10. HP: 46/58 MP: 12/12
  8314 | D:9      | Reached skill level 5 in Long Blades
  8318 | D:9      | Reached skill level 5 in Fighting
  8408 | D:9      | Found Gohuw's General Store.
  8424 | D:9      | Bought a scroll of blinking for 90 gold pieces
  8454 | D:9      | Noticed a manticore
  8469 | D:9      | Killed a manticore
  8727 | D:9      | Found a basalt altar of Yredelemnul.
  8805 | D:10     | Entered Level 10 of the Dungeon
  9069 | D:10     | Noticed Amaemon
  9069 | D:10     | Noticed an orange demon
  9075 | D:10     | Killed an orange demon
  9076 | D:10     | Reached skill level 7 in Dodging
  9083 | D:10     | Killed Amaemon
  9349 | D:10     | Found a staircase to the Lair.
  9350 | D:10     | Noticed Snorg
  9516 | D:10     | Reached skill level 8 in Dodging
  9516 | D:10     | Reached XP level 11. HP: 45/64 MP: 13/13
  9881 | D:10     | Snorg changed into Snorg the ogre
  9881 | D:10     | Noticed Snorg
  9887 | D:10     | Killed Snorg the ogre
 10107 | D:11     | Noticed a brown ugly thing
 10127 | D:10     | Killed a brown ugly thing
 10215 | D:11     | Noticed a boulder beetle
 10232 | D:10     | Killed a boulder beetle
 10289 | D:11     | Found a staircase to the Orcish Mines.
 10306 | D:11     | Noticed a deep elf pyromancer
 10321 | D:11     | Killed a deep elf pyromancer
 10386 | D:11     | Reached skill level 9 in Dodging
 10468 | D:11     | Reached skill level 10 in Dodging
 10468 | D:11     | Noticed a two-headed ogre
 10486 | D:11     | Killed a two-headed ogre
 10829 | Lair:1   | Entered Level 1 of the Lair of Beasts
 10930 | Lair:1   | Reached skill level 11 in Dodging
 11165 | Lair:1   | Noticed a boulder beetle
 11182 | Lair:1   | Killed a boulder beetle
 11407 | Lair:1   | Reached XP level 12. HP: 40/72 MP: 14/14
 11417 | Lair:1   | Reached skill level 10 in Long Blades
 11582 | Lair:1   | Reached skill level 1 in Evocations
 12486 | Lair:1   | Reached skill level 5 in Evocations
 12783 | D:4      | Bought a scroll of acquirement for 728 gold pieces
 12783 | D:4      | Acquired a +1 demon blade of electrocution
 12883 | D:7      | Bought a pair of blackened boots for 332 gold pieces
 12883 | D:7      | Identified the +0 pair of boots of Vina Cuq {Fly rElec}
                  | (You bought it in a shop on level 7 of the Dungeon)
 13246 | Lair:2   | Noticed a death yak
 13248 | Lair:2   | Noticed a death yak
 13248 | Lair:2   | Noticed a death yak
 13248 | Lair:2   | Noticed a death yak
 13367 | Lair:2   | Noticed a death yak
 13600 | D:3      | Bought a scroll of teleportation for 36 gold pieces
 13600 | D:3      | Bought a scroll of teleportation for 36 gold pieces
 13600 | D:3      | Bought a scroll of identify for 24 gold pieces
 13600 | D:3      | Bought a scroll of identify for 24 gold pieces
 13600 | D:3      | Bought a scroll of identify for 24 gold pieces
 13760 | Lair:1   | Mangled by a death yak

Illustrated notes

Levels and vault maps discovered:
D:1:      dpeg_arrival_windows_large_door, layout_basic
D:2:      layout_basic, amcnicky_mini_pool_small
D:3:      layout_basic, tso_altar, serial_shops, shop_fountains
D:4:      layout_gridville, grunt_temple_overflow_open, serial_shops,
          nicolae_diamond_shop, minmay_shop_grid_forest,
          nicolae_shop_firing_range, uniq_edmund
D:5:      layout_basic, minmay_temple_entry_antechambers, st_stairs_6
D:6:      layout_loops_ring, uniq_maggie
D:7:      minmay_s_stair_smasher, layout_cave_pods,
          nicolae_shop_national_dungeon_mall
D:8:      layout_rooms, vehumet_crystals
D:9:      layout_basic, lemuel_zombie_altar_yredelemnul, serial_shops,
          nicolae_shop_hallway_plus
D:10:     layout_loops_corners, erik_lair_orcish_takeover, uniq_amaemon,
          uniq_snorg
D:11:     layout_cave_pools, david_orc_2, reono_crystal_passage
Lair:1:   wad_woods_structure_01, layout_regular_city
Lair:2:   layout_big_grid, dummy_spider_entry, lemuel_fruit_tree

Skill      XL: |  1  2  3  4  5  6  7  8  9 10 11 12 |
---------------+-------------------------------------+-----
Fighting       | 1 2 3 4 6 7 |  7.0
Shapeshifting  | 4 5 6 9 10 | 10.0
Dodging        | 3 5 6 8 11 | 11.1
Shields        | 2 3 4 |  4.0
Long Blades    | 4 7 9 10 | 10.0
Evocations     | 5 |  5.6
Unarmed Combat | |  2.9

Action                     |  1- 3 |  4- 6 |  7- 9 | 10-12 || total
---------------------------+-------+-------+-------+-------++-------
  Melee: Unarmed           |    54 |    12 |       |       ||    66
         Punch             |     3 |     1 |     1 |       ||     5
         Dagger            |    48 |    26 |       |       ||    74
         Falchion          |       |    35 |   153 |   498 ||   686
         Demon blade       |       |       |       |     9 ||     9
  Throw: Dart              |       |       |     1 |     3 ||     4
  Evoke: Wand              |       |       |     4 |     3 ||     7
    Use: Scroll            |       |     6 |     9 |     7 ||    22
         Potion            |       |     2 |     2 |       ||     4
   Stab: Sleeping          |       |       |     3 |    11 ||    14
         Distracted        |       |       |     2 |       ||     2
 Armour: Scale mail        |     6 |       |       |       ||     6
         Ring mail         |    20 |     2 |       |       ||    22
         Skin              |       |    34 |       |       ||    34
         Plate armour      |       |    11 |       |       ||    11
         Steam dragon scal |       |       |    13 |    27 ||    40
  Dodge: Dodged            |    46 |    28 |   131 |   322 ||   527
  Block: Other             |       |     8 |     8 |       ||    16
         Reflection        |       |     2 |       |     2 ||     4
         Buckler           |       |       |    80 |   221 ||   301

Table legend: (Time is in decaauts)
 A = Elapsed time spent in this place.
 B = Non-inter-level travel time spent in this place.
 C = Inter-level travel time spent in this place.
 D = Time resting spent in this place.
 E = Time spent auto-exploring this place.
 F = Levels seen in this place.
 G = Mean time per level.
                   A        B        C        D        E       F      G
               +--------+--------+--------+--------+--------+-----+--------+
         Total |  13800 |  12369 |   1431 |   2014 |   7722 |  13 | 1061.5 |
       Dungeon |  11611 |  10328 |   1283 |   1216 |   7021 |  11 | 1055.5 |
          Lair |   2188 |   2040 |    148 |    798 |    701 |   2 | 1094.0 |
               +--------+--------+--------+--------+--------+-----+--------+

Top non-repeatable levels by time:
     D:6: 2182 daAuts
  Lair:1: 2147 daAuts
     D:7: 1705 daAuts
    D:10: 1467 daAuts
     D:5: 1214 daAuts
     D:9: 1015 daAuts
     D:3: 966 daAuts
     D:4: 791 daAuts
     D:2: 591 daAuts
    D:11: 591 daAuts
     D:1: 563 daAuts
     D:8: 522 daAuts
  Lair:2: 40 daAuts
